 Dungeon Crawl Stone Soup version 0.24.0-37-gcf1ca852f1 (webtiles) character file.

Game seed: 18300790623584962046, levelgen mode: deterministic

1067 Mrkan the Grappler (level 8, -10/80 HPs)
             Began as a Troll Monk on Nov 25, 2019.
             Was a Priest of Nemelex Xobeh.
             Mangled by a troll (12 damage)
             ... on level 6 of the Dungeon.
             The game lasted 00:08:16 (3866 turns).

Mrkan the Grappler (Troll Monk)                     Turns: 3866, Time: 00:08:17

Health: -10/80     AC:  7    Str: 20    XL:     8   Next: 7%
Magic:  7/7        EV: 10    Int:  8    God:    Nemelex Xobeh [***...]
Gold:   72         SH:  0    Dex: 12    Spells: 6/7 levels left

rFire    . . .     SeeInvis .     - Unarmed
rCold    . . .     Gourm    +   (no shield)
rNeg     . . .     Faith    .   a - +0 robe
rPois    +         Spirit   .   (helmet restricted)
rElec    .         Reflect  .   j - +0 cloak {rPois}
rCorr    .         Harm     .   (gloves unavailable)
MR       .....                  (boots unavailable)
Stlth    ++........             (no amulet)
HPRegen  0.63/turn              (no ring)
MPRegen  0.10/turn              (no ring)

@: no status effects
A: large, unfitting armour, claws 3, fast metabolism 3, gourmand, regeneration
1, shaggy fur 1, tough skin 3
a: Draw Escape, Draw Destruction, Draw Summoning, Triple Draw, Renounce Religion


You were on level 6 of the Dungeon.
You worshipped Nemelex Xobeh.
Nemelex Xobeh was most pleased with you.
You were not hungry.

You visited 1 branch of the dungeon, and saw 6 of its levels.

You collected 312 gold pieces.
You spent 240 gold pieces at shops.

Inventory:

Hand Weapons
 A - the +10 trident "Ylu Cieru" {protect, Dex+4, unknown}
   (You found it on level 4 of the Dungeon)

   It grants its wielder temporary protection when it strikes (+7 to AC).
   It affects your dexterity (+4).
Missiles
 q - 4 large rocks (quivered)
 I - a throwing net
Armour
 a - a +0 robe (worn)
 j - a +0 cloak of poison resistance (worn)
 B - a scarf of repulsion
Jewellery
 e - an uncursed ring of magical power {unknown}
 h - an uncursed ring of flight {unknown}
 i - a cursed ring of stealth {unknown}
 s - a cursed +4 amulet of reflection {unknown}
 u - a +4 ring of intelligence {unknown}
 v - an uncursed ring of positive energy {unknown}
 x - an uncursed ring of flight {unknown}
 E - an uncursed ring of positive energy {unknown}
 F - an uncursed ring of flight {unknown}
Wands
 t - a wand of digging (2)
 y - a wand of polymorph (9)
 H - a wand of flame (10)
Scrolls
 c - 2 scrolls of enchant weapon {unknown}
 g - 3 scrolls of identify {unknown}
 k - 3 scrolls of random uselessness {unknown}
 l - 2 scrolls of fog {unknown}
 n - a scroll of teleportation {unknown}
 o - a scroll of immolation {unknown}
 p - 4 scrolls of remove curse {unknown}
 w - a scroll of magic mapping {unknown}
Potions
 d - 3 potions of agility {unknown}
 f - 3 potions of curing {unknown}
 m - a potion of mutation {unknown}
 r - 2 potions of heal wounds {unknown}
 z - a potion of resistance {unknown}
 C - 2 potions of lignification {unknown}
 D - a potion of degeneration {unknown}
 G - a potion of haste {unknown}
Comestibles
 b - 10 rations


   Skills:
 + Level 5.1 Fighting
 - Level 2.4 Dodging
 - Level 1.0 Stealth
 * Level 8.3 Unarmed Combat


You had 6 spell levels left.
You knew the following spells:

 Your Spells              Type           Power        Failure   Level  Hunger
a - Confusing Touch       Hex            #.....       41%         1    ##.....

Your spell library contained the following spells:

 Spells                   Type           Power        Failure   Level  Hunger
 Confuse                  Hex            #.......     78%         3    ####...
 Gell's Gravitas          Tloc           #.........   78%         3    ####...
 Petrify                  Tmut/Erth      #.......     99%         4    #####..
 Metabolic Englaciation   Hex/Ice        #.........   100%        5    ######.
 Yara's Violent Unravell  Hex/Tmut       #.........   100%        5    ######.


Dungeon Overview and Level Annotations

Branches:
Dungeon (6/15)             Temple (0/1) D:5

Altars:
Ashenzari
Gozag
Kikubaaqudgha
Nemelex Xobeh

Shops:
D:5 :


Innate Abilities, Weirdness & Mutations

You are too large for most types of armour.
You have claws for hands.
Your metabolism is lightning-fast.
You like to eat raw meat.
Your natural rate of healing is unusually fast.
You are covered in fur. (AC +1)
You have extremely tough skin. (AC +3)


Message History

The troll shouts!
Found a stone staircase leading down.
The troll bites you! The troll claws you. The troll barely misses you.
The troll bites you. The troll claws you! x2
You completely miss the troll. You claw the troll!
The troll is moderately wounded.
The troll bites you! The troll claws you!
* * * LOW HITPOINT WARNING * * *
The troll closely misses you.
You scratch the troll but do no damage.
The troll is moderately wounded.
The troll bites you!
* * * LOW HITPOINT WARNING * * *
The troll closely misses you. The troll claws you but does no damage.
You mangle the troll!!
The troll is almost dead.
The troll bites you!
You die...
Your body glows slightly and disappears.

........................#
....[..........####....##
.............### ..####
.............# ....
............## #.....
...........######......
........................
.............#.
#.......T@<.##
##........### #........##
........## ..##..... ..
##.>.. #.## ..


You could see a troll.

Vanquished Creatures
  An ice beast (D:5)
  A centaur (D:4)
  A gnoll sergeant (D:5)
  A water moccasin zombie (D:6)
  A scorpion (D:5)
  A howler monkey (D:4)
  A vampire bat (D:4)
  A bullfrog zombie (D:2)
  4 crimson imps
  2 orc wizards (D:5)
  A centaur skeleton (D:4)
  A hound (D:6)
  An orc priest (D:4)
  A bullfrog skeleton (D:5)
  Ijyb (D:3)
  3 worker ants
  5 gnolls (D:5)
  7 adders
  2 oozes
  An adder zombie (D:5)
  2 worms
  A dart slug (D:1)
  8 orcs
  5 bats
  3 bat skeletons (D:4)
  2 bat zombies (D:4)
  2 giant cockroaches
  5 goblins
  12 hobgoblins
  11 jackals
  2 quokkas
  A ball python (D:2)
  6 frilled lizards
  4 kobolds
  A quokka skeleton (D:5)
  6 rats
108 creatures vanquished.

Notes
Turn   | Place    | Note
-------+----------+-------------------------------------------
     0 | D:1      | Mrkan the Troll Monk began the quest for the Orb.
     0 | D:1      | Reached XP level 1. HP: 22/22 MP: 0/0
    29 | D:1      | Reached XP level 2. HP: 25/29 MP: 1/1
   482 | D:2      | Reached XP level 3. HP: 36/36 MP: 2/2
   486 | D:2      | Reached skill level 4 in Unarmed Combat
   662 | D:2      | Reached XP level 4. HP: 45/45 MP: 3/3
  1043 | D:2      | Found a sparkling altar of Nemelex Xobeh.
  1051 | D:2      | Became a worshipper of Nemelex Xobeh the Trickster
  1051 | D:2      | Received a gift from Nemelex Xobeh
  1051 | D:2      | Reached * piety under Nemelex Xobeh
  1051 | D:2      | Received a gift from Nemelex Xobeh
  1051 | D:2      | Reached ** piety under Nemelex Xobeh
  1163 | D:3      | Received a gift from Nemelex Xobeh
  1163 | D:3      | Noticed Ijyb
  1171 | D:3      | Killed Ijyb
  1171 | D:3      | Reached skill level 5 in Unarmed Combat
  1179 | D:3      | Reached XP level 5. HP: 53/53 MP: 4/4
  1358 | D:3      | Found a shattered altar of Ashenzari.
  1460 | D:3      | Found a shattered altar of Ashenzari.
  1709 | D:4      | Received a gift from Nemelex Xobeh
  1715 | D:4      | Noticed a centaur
  1725 | D:4      | Killed a centaur
  1817 | D:4      | Reached XP level 6. HP: 49/62 MP: 5/5
  1856 | D:4      | Reached skill level 6 in Unarmed Combat
  1908 | D:4      | Got a jewelled trident
  1964 | D:4      | Reached *** piety under Nemelex Xobeh
  2201 | D:4      | Found an ancient bone altar of Kikubaaqudgha.
  2449 | D:5      | Entered Level 5 of the Dungeon
  2449 | D:5      | Received a gift from Nemelex Xobeh
  2614 | D:5      | Reached XP level 7. HP: 70/70 MP: 6/6
  2641 | D:5      | Reached skill level 7 in Unarmed Combat
  2682 | D:5      | Found an opulent altar of Gozag.
  2727 | D:5      | Found a staircase to the Ecumenical Temple.
  3444 | D:5      | Found Hiroves's Book Boutique.
  3457 | D:5      | Bought a book of Misfortune for 240 gold pieces
  3459 | D:5      | Learned a level 1 spell: Confusing Touch
  3476 | D:5      | Received a gift from Nemelex Xobeh
  3603 | D:5      | Reached skill level 8 in Unarmed Combat
  3825 | D:6      | Reached skill level 5 in Fighting
  3837 | D:6      | Reached XP level 8. HP: 71/80 MP: 7/7
  3855 | D:6      | Noticed a troll
  3865 | D:6      | HP: 2/80 [troll (14)]
  3866 | D:6      | Mangled by a troll

Levels and vault maps discovered:
D:1:      dpeg_arrival_shelter, layout_rooms
D:2:      layout_loops_ring, lemuel_coloured_pillars_altar
D:3:      layout_basic, lemuel_doored_altar, evilmike_ruin_ashenzari, uniq_ijyb
D:4:      layout_cave_pools, kennysheep_vampire_church, first_ration,
          serial_rivers, chequers_serial_rivers_large_b,
          chequers_serial_rivers_room_b, chequers_serial_rivers_micro_a,
          chequers_serial_rivers_room_b, chequers_serial_rivers_room_a,
          chequers_serial_rivers_marsh
D:5:      layout_layer_cave, nicolae_gozag_seed_capital,
          minmay_temple_entry_tees, serial_shops, shop, st_stairs_12,
          lightli_minifort
D:6:      layout_cave_pools, corexii_checkpoint_a,
          grunt_dithmenos_smoke_and_mirrors, uniq_sigmund

Skill      XL: |  1  2  3  4  5  6  7 |
---------------+----------------------+-----
Fighting       | 3 4 5 |  5.1
Unarmed Combat | 4 5 6 8 |  8.3
Dodging        | |  2.4
Stealth        | |  1.0

Action                   |  1- 3 |  4- 6 |  7- 9 || total
-------------------------+-------+-------+-------++-------
Melee: Unarmed           |    54 |   152 |    85 ||   291
       Punch             |     1 |     1 |     3 ||     5
 Stab: Sleeping          |     2 |     2 |     1 ||     5
  Eat: Chunk             |     9 |    15 |     9 ||    33
Armor: Robe              |    30 |    83 |    34 ||   147
Dodge: Dodged            |    30 |    89 |    55 ||   174
